 Dungeon Sprint DCSS version 0.27-a0-1456-gf5a116941d (webtiles) character file.

Game seed: 1832455114839150045

3100000 Brandom the Champion of Chaos (level 24, -81/158 HPs)
             Began as a Vine Stalker Ice Elementalist on July 6, 2021.
             Was the Champion of Makhleb.
             Annihilated by a destroyer (110 damage)
             ... in the Dungeon (Sprint VIII: "Arena of Blood").
             The game lasted 00:03:51 (31 turns).

Brandom the Champion of Chaos (VSIE)                  Turns: 31, Time: 00:03:51

Health: -81/158    AC:  4    Str: 14    XL:     24   Next: 62%
Magic:  0/55       EV: 37    Int: 15    God:    Makhleb [******]
Gold:   0          SH:  0    Dex: 24    Spells: 76/77 levels left

rFire    . . .     SeeInvis .   g - +∞ Axe of Woe
rCold    . . .     Faith    .   (shield currently unavailable)
rNeg     . . .     Spirit   +   a - +0 robe
rPois    .         Reflect  .   (no helmet)
rElec    .         Harm     .   (no cloak)
rCorr    .         Rampage  .   (no gloves)
Will     +++..     NoTele   +   (no boots)
Stlth    ++++++++++             (no amulet)
HPRegen  1.36/turn              (no ring)
MPRegen  0.34/turn              (no ring)

@: no status effects
A: fangs 3, regeneration 1, magic shield, antimagic bite, no potion heal 2
a: Renounce Religion, Minor Destruction, Lesser Servant of Makhleb, Major
Destruction, Greater Servant of Makhleb


You were in the Dungeon.
You worshipped Makhleb.
Makhleb was exalted by your worship.
You visited 1 branch

Inventory:

Hand Weapons
 g - the +∞ Axe of Woe (weapon)
   (You found it in the Dungeon)
Armour
 a - a +0 robe (worn)
Potions
 b - a potion of curing {@q1}
 c - a potion of haste {@q3}
 d - 2 potions of magic
 e - a potion of berserk rage


   Skills:
 O Level 27 Fighting
 O Level 27 Axes
 + Level 23.5(27) Maces & Flails
 + Level 23.5(27) Polearms
 O Level 27 Armour
 O Level 27 Dodging
 O Level 27 Stealth
 + Level 25.1 Unarmed Combat
 O Level 27 Spellcasting
 O Level 27 Ice Magic
 O Level 27 Invocations


You had 76 spell levels left.
You knew the following spells:

 Your Spells              Type           Power      Damage    Failure   Level
a - Freeze                Ice            100%       1d11      0%          1

Your spell library contained the following spells:

 Spells                   Type           Power      Damage    Failure   Level
 Frozen Ramparts          Ice            100%       1d12      0%          3
 Ozocubu's Armour         Ice            79%        N/A       0%          3
 Hailstorm                Conj/Ice       57%        3d12      1%          4


Dungeon Overview and Level Annotations

Branches:
Dungeon (1/1)

Altars:
Makhleb


Innate Abilities, Weirdness & Mutations

You have razor-sharp teeth.
Your natural rate of healing is unusually fast.
When hurt, damage is shared between your health and your magic reserves.
Your bite disrupts and absorbs the magic of your enemies.
Potions cannot restore your health.


Message History

Your Unarmed Combat skill gained 4 levels and is now at level 24!
You have reached level 24!
Your experience leads to an increase in your attributes!
Increase (S)trength, (I)ntelligence, or (D)exterity?
You feel agile.
You feel stronger.
Unknown command.
You carve the bag of meat like a ham!!!
You cleave the bag of meat in twain.
You kill the bag of meat!
Makhleb accepts your kill.
You hit the bag of meat.
You cleave the bag of meat in twain.
You kill the bag of meat!
Makhleb accepts your kill.
You feel better.
You are engulfed in blazing flames.
* * * LOW HITPOINT WARNING * * *
You hear a shout! x2
The meat berserker rages.
You hear a shout! x6
A bag of meat comes into view. It is wielding a +9 war axe.
The large bag of meat is engulfed in blazing flames.
You hear a shout!
A bag of meat comes into view. It is wielding a +9 war axe.
You hear a shout! x2
The bag of meat is engulfed in blazing flames.
A bag of meat comes into view. It is wielding a +9 war axe.
The eight-headed meat hydra calls on the powers of darkness!
The eight-headed meat hydra convulses!
The bag of meat convulses! x8
The large bag of meat convulses!
Flame seeps out of the large bag of meat.
The bag of meat convulses! x2; The large bag of meat convulses!
Flame seeps out of the large bag of meat.
The bag of meat convulses!
Your body is wracked with pain!
* * * LOW HITPOINT WARNING * * *
The meat berserker rages.
You hear a shout!
The meat berserker rages.
The bag of meat is engulfed in blazing flames. x2
Your base Maces & Flails skill increases to level 23!
Your base Polearms skill increases to level 23!
Your Unarmed Combat skill increases to level 25!
You aren't carrying any scrolls. 5 orcs come into view.
The bag of meat shouts!
You hear a shout! x2
The destroyer blinks!
The bag of meat is engulfed in blazing flames.
You hear a shout!
The large bag of meat is engulfed in blazing flames.
A bag of meat comes into view. It is wielding a +9 war axe.
The destroyer hits you with a +9 vorpal great sword!!!!
Ouch! That really hurt!
You die...

....o#.ooD............
...........O..........
.#.D...oo............
..#o...°.oo#.......#
.o§..#○ooo #.......#
oo#...Ooo###)...)..###O.
O......)Oo§○).###.......
.....o#o§o§§).._..).....
o #..@§o§§#.....#.....
#..OoVV§§O.#_.<._#.....
....#.......#.....# ....
......#O......._........
...z..........###.......
.........###.......###..
.......o.. #.......#
.......o.. #... ..# ..
..


You could see an eight-headed meat hydra, 2 destroyers, a sculptor of flesh, 3
large bags of meat, 3 meat berserkers and 21 bags of meat.

Vanquished Creatures
  A vampire knight (D)
  13 ogres (D)
  2 two-headed ogres (D)
  17 orcs (D)
33 creatures vanquished.

Notes
Turn   | Place    | Note
-------+----------+-------------------------------------------
     0 | D        | Found the +∞ Axe of Woe
     0 | D        | Brandom the Vine Stalker Ice Elementalist began the quest
                  | for the Orb.
     0 | D        | Reached XP level 1. HP: 9/9 MP: 4/4
     4 | D        | Became a worshipper of Makhleb the Destroyer
     5 | D        | Noticed a bag of meat
     6 | D        | Noticed a bag of meat
     6 | D        | Noticed a bag of meat
     6 | D        | Noticed a meat berserker
     6 | D        | Noticed a bag of meat
     6 | D        | Noticed a bag of meat
     8 | D        | Killed a bag of meat
     8 | D        | Noticed a meat berserker
     8 | D        | Noticed a bag of meat
     9 | D        | Reached XP level 2. HP: 33/33 MP: 4/13
     9 | D        | Reached XP level 3. HP: 37/37 MP: 4/15
     9 | D        | Gained mutation: Your natural rate of healing is unusually
                  | fast. [Vine Stalker growth]
     9 | D        | Reached XP level 4. HP: 43/43 MP: 4/16
     9 | D        | Reached XP level 5. HP: 47/47 MP: 4/18
     9 | D        | Reached XP level 6. HP: 52/52 MP: 4/19
     9 | D        | Reached XP level 7. HP: 57/57 MP: 4/21
     9 | D        | Gained mutation: You have razor-sharp teeth. [Vine Stalker
                  | growth]
     9 | D        | Reached XP level 8. HP: 62/62 MP: 4/22
     9 | D        | Reached XP level 9. HP: 66/66 MP: 4/23
     9 | D        | Reached XP level 10. HP: 71/71 MP: 4/24
     9 | D        | Reached XP level 11. HP: 76/76 MP: 4/25
     9 | D        | Reached XP level 12. HP: 81/81 MP: 4/26
    10 | D        | Noticed a bag of meat
    10 | D        | Noticed a meat berserker
    10 | D        | Noticed a meat berserker
    11 | D        | Noticed a bag of meat
    11 | D        | Noticed a bag of meat
    12 | D        | Killed a meat berserker
    12 | D        | Reached * piety under Makhleb
    12 | D        | Noticed a bag of meat
    12 | D        | Noticed a bag of meat
    13 | D        | Reached skill level 15 in Axes
    13 | D        | Reached XP level 13. HP: 89/89 MP: 5/28
    13 | D        | Reached XP level 14. HP: 95/95 MP: 5/29
    13 | D        | Noticed a meat berserker
    13 | D        | Noticed a bag of meat
    13 | D        | Noticed a meat berserker
    14 | D        | Killed a meat berserker
    15 | D        | Reached XP level 15. HP: 72/102 MP: 4/31
    16 | D        | Noticed a meat berserker
    16 | D        | Killed a meat berserker
    16 | D        | Reached ** piety under Makhleb
    16 | D        | Killed a meat berserker
    17 | D        | Reached XP level 16. HP: 112/112 MP: 4/34
    17 | D        | Reached XP level 17. HP: 116/116 MP: 4/35
    17 | D        | Killed a meat berserker
    17 | D        | Reached *** piety under Makhleb
    17 | D        | Noticed a large bag of meat
    17 | D        | Noticed a meat berserker
    18 | D        | Reached skill level 27 in Axes
    18 | D        | Reached skill level 27 in Invocations
    18 | D        | Reached XP level 18. HP: 125/125 MP: 5/36
    18 | D        | Noticed a destroyer
    18 | D        | Noticed a meat berserker
    18 | D        | Noticed a meat berserker
    19 | D        | Killed a meat berserker
    20 | D        | Reached skill level 27 in Fighting
    20 | D        | Killed a meat berserker
    20 | D        | Reached **** piety under Makhleb
    20 | D        | Noticed a large bag of meat
    21 | D        | Reached XP level 19. HP: 132/132 MP: 5/37
    21 | D        | Killed a large bag of meat
    21 | D        | Reached ***** piety under Makhleb
    22 | D        | Reached skill level 27 in Dodging
    22 | D        | Reached XP level 20. HP: 88/137 MP: 2/41
    22 | D        | Noticed a large bag of meat
    22 | D        | Noticed a meat berserker
    22 | D        | Noticed a meat berserker
    23 | D        | Killed a meat berserker
    23 | D        | Noticed a meat berserker
    24 | D        | Killed a meat berserker
    25 | D        | Reached XP level 21. HP: 134/142 MP: 2/49
    25 | D        | Noticed a destroyer
    25 | D        | Noticed a large bag of meat
    26 | D        | Noticed a destroyer
    26 | D        | Killed a meat berserker
    26 | D        | Killed a destroyer
    26 | D        | Noticed a large bag of meat
    27 | D        | Reached skill level 27 in Spellcasting
    27 | D        | Reached skill level 27 in Ice Magic
    27 | D        | Reached XP level 22. HP: 143/148 MP: 3/54
    27 | D        | Reached ****** piety under Makhleb
    28 | D        | Reached skill level 27 in Armour
    28 | D        | Reached skill level 27 in Stealth
    28 | D        | Reached XP level 23. HP: 153/153 MP: 3/55
    29 | D        | Killed a large bag of meat
    29 | D        | Noticed a destroyer
    30 | D        | Reached XP level 24. HP: 47/158 MP: 1/55
    31 | D        | Annihilated by a destroyer

Illustrated notes

Levels and vault maps discovered:
D:        meatsprint

Skill      XL: |  1  2  3  4  5  6  7  8  9 10 11 12 13 14 15 16 17 18 19 20 21 22 23 24 |
---------------+-------------------------------------------------------------------------+-----
Fighting       | 18 20 21 24 26 27 | 27.0
Invocations    | 19 21 23 26 27 | 27.0
Axes           | 15 19 24 27 | 27.0
Dodging        | 12 16 26 27 | 27.0
Armour         | 13 20 26 27 | 27.0
Spellcasting   | 16 23 27 | 27.0
Ice Magic      | 16 23 27 | 27.0
Stealth        | 27 | 27.0
Maces & Flails | 13 22 23 | 23.5
Polearms       | 13 22 23 | 23.5
Unarmed Combat | 14 24 25 | 25.1

Action                   |  1- 3 |  4- 6 |  7- 9 | 10-12 | 13-15 | 16-18 | 19-21 | 22-24 || total
-------------------------+-------+-------+-------+-------+-------+-------+-------+-------++-------
Melee: Executioner's axe |     1 |       |       |     1 |     2 |     3 |     4 |     4 ||    15
  Use: Scroll            |       |       |       |       |     1 |       |       |       ||     1

Table legend: (Time is in decaauts)
 A = Elapsed time spent in this place.
 B = Non-inter-level travel time spent in this place.
 C = Inter-level travel time spent in this place.
 D = Time resting spent in this place.
 E = Time spent auto-exploring this place.
 F = Levels seen in this place.
 G = Mean time per level.
                   A        B        C        D        E       F      G
               +--------+--------+--------+--------+--------+-----+--------+
         Total |     29 |     29 |      0 |      0 |      0 |   1 |   29.0 |
       Dungeon |     29 |     29 |      0 |      0 |      0 |   1 |   29.0 |
               +--------+--------+--------+--------+--------+-----+--------+

Top non-repeatable levels by time:
       D: 29 daAuts
